AoeStats
← Pwncakes

Nomad

508931524Analyzed
3v3 RM · 7d ago on Sep 24, 2026· 48m 36s· 6 players
Game mode
Random Map
Map size
210×210
Population
200
Speed
Normal
Resources
Standard
Victory
Conquest
Starting age
Dark Age
Ending age
Imperial Age
RankedLock teamsTeams togetherTeam positionsShared explorationLock speedFull tech treeHidden civsTurbo modeCheats
Victory
Defeat
🇺🇸 Mapuche · United States
1413
+15
🇪🇸 Spanish · Spain
1398
+15
🇩🇪 Persians · Germany
1303
+19
🇨🇴 Italians · Colombia
1481
-20
🇨🇴 Spanish · Colombia
1411
-18
🇨🇴 Persians · Colombia
1241
-11
NuMa | Jomaro
10:59 Loom
13:05 Feudal Age
13:50 Fishing Lines
17:50 Castle Age
18:59 Double-Bit Axe
19:22 Stone Mining
19:53 Bow Saw
29:10 Wheelbarrow
32:16 Stone Shaft Mining
32:46 Husbandry
32:57 Bloodlines
34:31 Scale Barding Armor
34:38 Forging
40:48 Imperial Age
41:18 Chain Barding Armor
41:34 Iron Casting
44:43 Imperial Age
45:55 Plate Barding Armor
46:22 Blast Furnace
Livaï
7:21 Loom
13:25 Feudal Age
14:17 Town Watch
17:54 Castle Age
16:28 Gold Mining
18:13 Double-Bit Axe
19:11 Medium Warships
19:00 Fletching
19:29 Forging
21:27 Wheelbarrow
21:57 Fletching
27:11 Bodkin Arrow
28:06 Padded Archer Armor
35:43 Imperial Age
34:44 Ballistics
35:59 Bow Saw
38:28 Chemistry
42:34 Conscription
44:42 Bracer
46:10 Leather Archer Armor
47:01 Elite Genoese Crossbowman
TILIN2.0
4:38 Loom
12:45 Feudal Age
16:49 Castle Age
18:37 Double-Bit Axe
20:29 Bow Saw
40:49 Wheelbarrow
41:57 Horse Collar
42:53 Heavy Plow
43:27 Gold Mining
43:27 Stone Mining
51:14 Imperial Age
Pwncakes
6:10 Loom
14:20 Feudal Age
14:51 Double-Bit Axe
19:33 Castle Age
18:44 Gold Mining
20:03 Fletching
20:41 Bow Saw
20:38 Bodkin Arrow
20:46 Padded Archer Armor
20:48 Elite Skirmisher
22:04 Fishing Lines
23:25 Forging
23:58 Medium Warships
25:12 Iron Casting
24:58 Murder Holes
27:26 Gillnets
29:13 Crossbowman
30:33 Ballistics
30:00 Crossbowman
31:30 Wheelbarrow
31:11 Leather Archer Armor
31:57 Clinker Construction
31:58 Careening
33:23 Careening
37:59 Horse Collar
41:53 Imperial Age
42:46 Malon
43:07 Conscription
44:38 Heavy Plow
46:25 Ring Archer Armor
46:41 Elite Bolas Rider
48:06 Butalmapu
49:42 Gold Shaft Mining
DimitryKz
8:38 Loom
14:13 Feudal Age
14:53 Double-Bit Axe
15:01 Gold Mining
19:21 Castle Age
18:59 Fletching
20:01 Bow Saw
21:17 Scale Barding Armor
22:56 Bloodlines
23:18 Husbandry
23:43 Fishing Lines
25:50 Wheelbarrow
25:04 Horse Collar
27:22 Hand Cart
28:47 Chain Barding Armor
28:53 Gillnets
29:25 Town Watch
31:08 Town Patrol
32:17 Forging
32:51 Heavy Plow
33:53 Iron Casting
41:29 Imperial Age
39:45 Elite Skirmisher
41:02 Bodkin Arrow
41:09 Cavalier
41:58 Padded Archer Armor
41:24 Crossbowman
42:10 Thumb Ring
42:17 Kamandaran
45:14 Conscription
46:00 Plate Barding Armor
45:41 Leather Archer Armor
48:50 Two-Man Saw
MTC
10:24 Loom
12:36 Feudal Age
17:20 Castle Age
16:41 Double-Bit Axe
18:19 Wheelbarrow
20:22 Padded Archer Armor
29:34 Horse Collar
30:07 Bow Saw
29:49 Gold Mining
34:16 Imperial Age
34:40 Elite Conquistador
36:23 Chemistry
36:34 Leather Archer Armor
37:46 Bloodlines
41:50 Ring Archer Armor
41:23 Husbandry
Connection lost

Rejoining the realm…

Still unreachable

The connection could not be restored.

Session expired

The server has moved on; the page needs a fresh start.